 Dungeon Crawl Stone Soup version 0.28-a0-1382-g92835e5c71 (webtiles) character file.

Game seed: 9423764054209428581

42 Gargoyl the Skirmisher (level 3, -4/35 HPs)
             Began as a Gnoll Abyssal Knight on Jan 1, 2022.
             Was a Follower of Lugonu.
             Slain by a gnoll (5 damage)
             ... on level 2 of the Dungeon.
             The game lasted 00:01:42 (1205 turns).

Gargoyl the Skirmisher (Gnoll Abyssal Knight)       Turns: 1205, Time: 00:01:42

Health: -4/35      AC:  9    Str: 14    XL:     3   Next: 54%
Magic:  6/6        EV:  7    Int:  9    God:    Lugonu [*.....]
Gold:   125        SH:  0    Dex: 12    Spells: 3/3 levels left

rFire   . . .      SeeInvis .   a - +1 hand axe
rCold   . . .      Faith    .   (no shield)
rNeg    . . .      Spirit   .   c - +0 chain mail
rPois   .          Reflect  .   (no helmet)
rElec   .          Harm     .   (no cloak)
rCorr   .          Rampage  .   (no gloves)
Will    .....      Rage     9%  (no boots)
Stlth   ..........              (no amulet)
HPRegen 0.11/turn               (no ring)
MPRegen 0.10/turn               (no ring)

@: no status effects
A: fangs 1, strong nose, distributed training, [berserk 3]
a: Renounce Religion, Depart the Abyss


You were on level 2 of the Dungeon.
You worshipped Lugonu.
Lugonu was aware of your devotion.
You visited 1 branch of the dungeon, and saw 2 of its levels.
You visited the Abyss 1 time.

You collected 125 gold pieces.

Inventory:

Hand Weapons
 a - a +1 hand axe (weapon)
Missiles
 d - 12 poisoned darts (quivered)
Armour
 c - a +0 chain mail (worn)
Scrolls
 b - a scroll of fear {unknown}


   Skills:
 + Level 6.5 Fighting
 + Level 0.8 Short Blades
 + Level 0.8 Long Blades
 + Level 4.5 Axes
 + Level 0.8 Maces & Flails
 + Level 0.8 Polearms
 + Level 0.8 Staves
 + Level 0.8 Slings
 + Level 0.8 Bows
 + Level 0.8 Crossbows
 + Level 0.8 Throwing
 + Level 4.5 Armour
 + Level 2.6 Dodging
 + Level 0.8 Stealth
 + Level 0.8 Shields
 + Level 0.8 Unarmed Combat
 + Level 0.8 Spellcasting
 + Level 0.5 Conjurations
 + Level 0.5 Hexes
 + Level 0.5 Summonings
 + Level 0.5 Necromancy
 + Level 0.5 Translocations
 + Level 0.5 Transmutations
 + Level 0.5 Fire Magic
 + Level 0.5 Ice Magic
 + Level 0.5 Air Magic
 + Level 0.5 Earth Magic
 + Level 0.5 Poison Magic
 + Level 4.6 Invocations
 + Level 0.8 Evocations


You had 3 spell levels left.
You didn't know any spells.
Your spell library was empty.

Dungeon Overview and Level Annotations

Branches:
Dungeon (2/15)

Altars:


Innate Abilities, Weirdness & Mutations

You have very sharp teeth.
Your uncanny sense of smell can sniff out nearby items.
Your experience applies equally to all skills.
[You have an uncontrollable temper.]


Message History

The gnoll hits you from afar with a +0 halberd!
The gnoll hits you but does no damage. x2
You barely miss the gnoll. x2; The gnoll barely misses you.
The gnoll hits you but does no damage. x2; The gnoll barely misses you.
Unknown command.
You hit the gnoll. Your bite misses the gnoll.
The gnoll is moderately wounded.
You hit the gnoll but do no damage. You hit the gnoll.
The gnoll hits you from afar with a +0 halberd.
The gnoll barely misses you. x2; The gnoll hits you but does no damage.
Unknown command.
The gnoll completely misses you.
The gnoll hits you from afar with a +0 spear.
The gnoll closely misses you. x2
You barely miss the gnoll. You closely miss the gnoll. You hit the gnoll.
The gnoll barely misses you. The gnoll hits you but does no damage.
The gnoll hits you with a +0 flail.
* * * LOW HITPOINT WARNING * * *
The gnoll barely misses you.
Unknown command.
You closely miss the gnoll. You completely miss the gnoll. You hit the gnoll.
The gnoll hits you with a +0 spear.
* * * LOW HITPOINT WARNING * * *
The gnoll hits you from afar with a +0 spear.
* * * LOW HITPOINT WARNING * * *
The gnoll hits you but does no damage. The gnoll hits you with a +0 halberd.
* * * LOW HITPOINT WARNING * * *
The gnoll hits you but does no damage.
You feel better.
The gnoll hits you from afar with a +0 spear.
* * * LOW HITPOINT WARNING * * *
The gnoll barely misses you. The gnoll hits you with a +0 halberd.
* * * LOW HITPOINT WARNING * * *
The gnoll hits you with a +0 spear.
* * * LOW HITPOINT WARNING * * *
The gnoll hits you with a +0 spear.
* * * LOW HITPOINT WARNING * * *
The gnoll closely misses you.
The gnoll hits you from afar with a +0 halberd.
You die...

*,* **,,,**,,,,,,,* *,*
*...#*,,,,,,,* *,*
*#...##,,,,,,,* *,*
*8...8#,,,,,,,* #,##*
####...#*,,,,,****
#.#8###8##...#*,,,,,*,,,
#......(.....##,,,,,+,,,
#.....ggg....⌠#,,,,,*,,,
#....g.@.....#*,,*******
###8###8##...#**,,***,,,
*** ####...##**,,***,*
#8...8# **,* *,* ##...##
*,*##.* #...# *,,,..*
##...## ****..# #8..)8#
**.. ##...##### *#.


You could see 4 gnolls.

Vanquished Creatures
  An adder (D:2)
  2 dart slugs
  2 bats
  A giant cockroach (D:1)
  2 goblins
  A hobgoblin (D:1)
  4 jackals (D:1)
  5 kobolds
  A quokka (D:2)
  5 ball pythons
  3 frilled lizards (D:1)
  A rat (D:2)
  A lurking horror (Abyss:2)
29 creatures vanquished.

Notes
Turn   | Place    | Note
-------+----------+-------------------------------------------
     0 | Abyss:1  | Gargoyl the Gnoll Abyssal Knight began the quest for the
                  | Orb.
     0 | Abyss:1  | Reached XP level 1. HP: 23/23 MP: 3/3
    62 | Abyss:2  | Found a corrupted altar of Lugonu.
    96 | Abyss:2  | Noticed a wretched star
   111 | Abyss:3  | Noticed a thrashing horror
   111 | Abyss:3  | Noticed a thrashing horror
   112 | D:1      | Escaped the Abyss
   295 | D:1      | Reached XP level 2. HP: 27/29 MP: 5/5
   536 | D:1      | Reached * piety under Lugonu
   898 | D:2      | Reached XP level 3. HP: 35/35 MP: 6/6
  1205 | D:2      | HP: 1/35 [gnoll (2)]
  1205 | D:2      | Slain by a gnoll

Illustrated notes

Levels and vault maps discovered:
D:1:      dpeg_arrival_tiny_a, layout_basic
D:2:      layout_rooms, serial_corexii_hall, chequers_hall_statues_corner_a,
          corexii_hall_statues_t, eino_tiny_chamber

Action                   || total
-------------------------++-------
Melee: Hand axe          ||    74
       Bite              ||     7
Invok: Depart the Abyss  ||     1
  Use: Scroll            ||     4
       Potion            ||     1
Armor: Chain mail        ||    62
Dodge: Dodged            ||    32

Table legend: (Time is in decaauts)
 A = Elapsed time spent in this place.
 B = Non-inter-level travel time spent in this place.
 C = Inter-level travel time spent in this place.
 D = Time resting spent in this place.
 E = Time spent auto-exploring this place.
 F = Levels seen in this place.
 G = Mean time per level.
                   A        B        C        D        E       F      G
               +--------+--------+--------+--------+--------+-----+--------+
         Total |   1251 |   1223 |     28 |      0 |    943 |   5 |  250.2 |
       Dungeon |   1140 |   1112 |     28 |      0 |    874 |   2 |  570.0 |
         Abyss |    111 |    111 |      0 |      0 |     69 |   3 |   37.0 |
               +--------+--------+--------+--------+--------+-----+--------+

Top non-repeatable levels by time:
     D:1: 814 daAuts
     D:2: 325 daAuts
 Abyss:1: 62 daAuts
 Abyss:2: 40 daAuts
 Abyss:3: 8 daAuts
